 Dungeon Crawl Stone Soup version 0.18-a0-1654-ge73a678 (webtiles) character file.

1932 Magnus the Charmwright (level 8, 0/56 HPs)
             Began as a Mummy Skald on Mar 30, 2016.
             Killed from afar by an orc wizard (4 damage)
             ... with a magic dart
             ... on level 7 of the Dungeon.
             The game lasted 00:28:20 (8853 turns).

Magnus the Charmwright (Mummy Skald)                Turns: 8853, Time: 00:28:21

Health: 0/56       AC:  5    Str: 18    XL:     8   Next: 97%
Magic:  9/11       EV: 14    Int: 14    God:
Gold:   451        SH:  0    Dex: 11    Spells: 3 memorised, 5 levels left

rFire  x . .     SeeInvis .     a - +0 falchion
rCold  + . .     Gourm    .     b - +0 leather armour
rNeg   + + +     Faith    .     (no shield)
rPois  ∞         Spirit   .     i - +0 helmet
rElec  .         Dismiss  .     (no cloak)
rCorr  +         Reflect  .     d - +0 pair of gloves {Str+3}
SustAt .         Harm     .     (no boots)
MR     +....                    (no amulet)
Stlth  +.........               p - ring of resist corrosion
                                j - +3 ring of evasion

@: very slightly contaminated, somewhat resistant to hostile enchantments, very
unstealthy
A: no food or potions, fire vulnerability, cold resistance 1, negative energy
resistance 3, torment resistance, unbreathing
a: no special abilities


You were on level 7 of the Dungeon.
You were not hungry.

You visited 1 branch of the dungeon, and saw 7 of its levels.
You also visited: Ossuary.

You collected 451 gold pieces.

Inventory:

Hand Weapons
 a - a +0 falchion (weapon)
 k - a +0 long sword
Armour
 b - a +0 leather armour (worn)
 d - a +0 pair of gloves of strength (worn)
 f - a +0 shield of fire resistance
 i - a +0 helmet (worn)
 m - a +2 pair of gloves
Jewellery
 j - a +3 ring of evasion (left hand)
 p - a ring of resist corrosion (right hand)
Wands
 g - a wand of lightning (10/15)
Scrolls
 e - 12 scrolls of identify
 h - a scroll of blinking
 l - a scroll of teleportation
 n - a scroll of amnesia
 o - 4 scrolls of remove curse
 q - 2 scrolls of magic mapping
 r - a scroll of enchant weapon
 t - a scroll of fear
Books
 c - a book of Battle

   Spells                             Type                      Level
   a - Infusion                       Charms                       1
   b - Shroud of Golubria             Charms/Translocation         2
   c - Song of Slaying                Charms                       2
   d - Spectral Weapon                Hexes/Charms                 3
   e - Regeneration                   Charms/Necromancy            3


   Skills:
 - Level 2.0 Fighting
 + Level 7.0 Long Blades
 - Level 0.7 Armour
 - Level 0.7 Dodging
 - Level 2.0 Spellcasting
 + Level 7.4 Charms


You had 5 spell levels left.
You knew the following spells:

 Your Spells              Type           Power        Failure   Level  Hunger
a - Infusion              Chrm           ###.         1%          1    N/A
b - Song of Slaying       Chrm           ###.....     2%          2    N/A
c - Spectral Weapon       Hex/Chrm       ##......     21%         3    N/A

Dungeon Overview and Level Annotations

Branches:
Dungeon (7/15)
 Temple: D:4-7

Altars:
Cheibriados
Gozag
Kikubaaqudgha
Nemelex Xobeh
Okawaru
Qazlal
Vehumet
Yredelemnul

Shops:
D:5 [

Annotations:
D:5 1 runed door


Innate Abilities, Weirdness & Mutations

You do not eat or drink.
Your flesh is vulnerable to fire.
You are immune to poison.
Your flesh is cold resistant.
You are immune to negative energy.
You are immune to unholy pain and torment.
You can survive without breathing.


Message History

A puff of frost appears from out of thin air!
The puff of frost hits you! You resist.
* * * LOW HITPOINT WARNING * * *
You hit something. Something hits you but does no damage.
Something barely misses you.
You miss something. Something hits you but does no damage.
You closely miss something. Something hits you but does no damage.
You hit something but do no damage.
An orc wizard appears from thin air!
Reactivating autopickup.
The orc wizard casts a spell.
The orc wizard flickers and vanishes!
Deactivating autopickup; reactivate with Ctrl-A.
Something hits you but does no damage.
You miss something. Something hits you but does no damage.
You barely miss something. Something hits you.
* * * LOW HITPOINT WARNING * * *
You hear some strange, mumbled words.
A magic dart appears from out of thin air!
The magic dart hits you!
You die...

### ### #.#######<#
#.....##@†# #.##...)))#
#########.##..##..#
#.............##..#
..8..####.....##..#
......# #####.##..# ####
..<.Y.######......#.....
..Z...%...........#.#.##
8...8........>..o......#


There were no monsters in sight!

Vanquished Creatures
  A hungry ghost (D:5)
  Menkaure (D:4)
  2 ogres
  A black bear (D:6)
  An ice beast (D:5)
  A giant frog (D:6)
  9 scorpions (Ossuary)
  A howler monkey (D:6)
  A crimson imp (D:7)
  2 centaur zombies (Ossuary)
  A jelly (D:5)
  A centaur skeleton (D:5)
  A hound (D:5)
  3 orc wizards
  A human zombie (Ossuary)
  2 orc priests (D:6)
  An iguana (D:5)
  Natasha (thrice) (D:4)
  4 worker ants
  A killer bee zombie (D:7)
  A big kobold zombie (Ossuary)
  3 mummies (Ossuary)
  3 scorpion zombies (Ossuary)
  2 adders
  An ooze (D:1)
  An adder skeleton (D:5)
  2 worms
  2 dart slugs (D:1)
  3 giant geckos
  21 orcs
  A ball python (D:2)
  4 giant cockroaches
  A gnoll zombie (Ossuary)
  12 goblins
  8 hobgoblins
  3 jackals (D:2)
  3 kobolds
  2 quokkas
  8 bats
  7 giant newts
  A goblin zombie (Ossuary)
  4 hobgoblin zombies (Ossuary)
  2 jackal zombies (D:5)
  A kobold zombie (Ossuary)
  3 orc zombies (Ossuary)
  A quokka zombie (D:6)
  8 rats
146 creatures vanquished.

Vanquished Creatures (others)
  4 spectral weapons
4 creatures vanquished.

Grand Total: 150 creatures vanquished

Notes
Turn   | Place    | Note
--------------------------------------------------------------
     0 | D:1      | Magnus the Mummy Skald began the quest for the Orb.
     0 | D:1      | Reached XP level 1. HP: 16/16 MP: 3/3
   210 | D:1      | Reached XP level 2. HP: 22/22 MP: 5/5
   214 | D:1      | Learned a level 2 spell: Song of Slaying
  1106 | D:1      | Reached XP level 3. HP: 24/27 MP: 6/6
  1111 | D:1      | Learned a level 3 spell: Spectral Weapon
  2233 | D:3      | Reached XP level 4. HP: 20/33 MP: 5/7
  3260 | D:4      | Reached XP level 5. HP: 38/38 MP: 5/8
  3261 | D:4      | Found a stormy altar of Qazlal.
  3264 | D:4      | Found a basalt altar of Yredelemnul.
  3306 | D:4      | Noticed an ogre
  3570 | D:4      | Found a snail-covered altar of Cheibriados.
  3595 | D:4      | Found a radiant altar of Vehumet.
  3647 | D:4      | Noticed Menkaure
  3653 | D:4      | Killed Menkaure
  3868 | D:4      | Found a sparkling altar of Nemelex Xobeh.
  3868 | D:4      | Noticed Natasha
  3878 | D:4      | Killed Natasha
  3878 | D:4      | Reached XP level 6. HP: 10/44 MP: 5/9
  4403 | D:5      | Entered Level 5 of the Dungeon
  4477 | D:5      | Noticed an ice beast
  4488 | D:5      | Killed an ice beast
  4501 | D:5      | Noticed a human
  4502 | D:5      | Found a runed door.
  4509 | D:5      | Found a basalt altar of Yredelemnul.
  4594 | D:5      | Found Illitar's Antique Armour Shoppe.
  4641 | D:5      | Reached skill level 5 in Charms
  4641 | D:5      | Reached XP level 7. HP: 5/50 MP: 4/10
  4921 | D:5      | Noticed a hungry ghost
  4939 | D:5      | Killed a hungry ghost
  4939 | D:5      | Reached skill level 5 in Long Blades
  4969 | D:5      | Found a sand-covered staircase.
  4985 | Ossuary  | Entered an ossuary
  5378 | Ossuary  | Reached XP level 8. HP: 44/56 MP: 9/11
  5802 | D:5      | Found an iron altar of Okawaru.
  6045 | D:5      | Found an ancient bone altar of Kikubaaqudgha.
  6430 | D:5      | Noticed a troll
  6449 | D:4      | Noticed Natasha
  6762 | D:4      | Killed Natasha
  6895 | D:4      | Noticed Natasha
  6899 | D:4      | Killed Natasha
  7024 | D:6      | Found an opulent altar of Gozag.
  8853 | D:7      | Killed from afar by an orc wizard

Vault maps used:
D:1:      dpeg_arrival_oval, minivault_19
D:2:      first_bread, grunt_ministairs_6, minmay_misc_feat_chi
D:3:      st_stairs_1
D:4:      nemelex_xobeh_ov_fountains_minmay, vehumet_crystals, minitemple,
          cheibriados_altar_1, uniq_menkaure, uniq_natasha
D:5:      kennysheep_okawaru_gauntlet, old_standard_altar, enter_ossuary_3,
          serial_shops, nicolae_shop_behind_doors, eino_tiny_chamber,
          dk_yredelemnul_ordeal
D:6:      nicolae_gozag_seed_capital
D:7:      kennysheep_mini, lemuel_round_altar, minmay_temple_entry_large_hall,
          basic_altar, grunt_ogre_cave, grunt_ministairs_1,
          makhleb_blood_cavern_becter
Ossuary:  ossuary_minmay_scorpions

Skill      XL: |  1  2  3  4  5  6  7  8 |
---------------+-------------------------+-----
Long Blades    | 2 3 4 5 7 |  7.0
Charms         | 3 4 5 7 |  7.4
Fighting       | |  2.0
Armour         | |  0.7
Dodging        | |  0.7
Spellcasting   | |  2.0

Action                   |  1- 3 |  4- 6 |  7- 9 || total
-------------------------+-------+-------+-------++-------
Melee: Falchion          |   158 |   130 |   335 ||   623
       Long sword        |       |     3 |       ||     3
 Cast: Infusion          |    11 |     6 |       ||    17
       Song of Slaying   |     2 |     2 |       ||     4
       Spectral Weapon   |     1 |    10 |    29 ||    40
  Use: Scroll            |       |       |    11 ||    11
 Stab: Sleeping          |     1 |       |       ||     1
       Distracted        |       |       |     2 ||     2
